 Dungeon Crawl Stone Soup version 0.28-a0-1493-g08698888e4 (webtiles) character file.

Game seed: 5304315859278704039

11 shadowrider38 the Ducker (level 2, -1/20 HPs)
             Began as a Merfolk Air Elementalist on Jan 12, 2022.
             Slain by a worm (4 damage)
             ... on level 1 of the Dungeon.
             The game lasted 00:01:52 (923 turns).

shadowrider38 the Ducker (Merfolk Air Elementalist)  Turns: 923, Time: 00:01:52

Health: -1/20      AC:  2    Str:  8    XL:     2   Next: 25%
Magic:  2/5        EV: 13    Int: 14    God:
Gold:   13         SH:  0    Dex: 14    Spells: 4/5 levels left

rFire   . . .      SeeInvis .   (no weapon)
rCold   . . .      Faith    .   (no shield)
rNeg    . . .      Spirit   .   a - +0 robe
rPois   .          Reflect  .   (no helmet)
rElec   .          Harm     .   (no cloak)
rCorr   .          Rampage  .   (no gloves)
Will    .....                   (no boots)
Stlth   ++........              (no amulet)
HPRegen 0.06/turn               (no ring)
MPRegen 0.09/turn               (no ring)

@: no status effects
A: (nimble swimmer 2), mertail
a: no special abilities


You were on level 1 of the Dungeon.
You visited 1 branch of the dungeon, and saw 1 of its levels.

You collected 13 gold pieces.

Inventory:

Armour
 a - a +0 robe (worn)
Scrolls
 b - a scroll of amnesia {unknown}


   Skills:
 + Level 0.9 Fighting
 - Level 2.9 Dodging
 - Level 2.3 Stealth
 - Level 2.1 Spellcasting
 - Level 1.0 Conjurations
 - Level 2.5 Air Magic


You had 4 spell levels left.
You knew the following spells:

 Your Spells              Type           Power      Damage    Failure   Level
a - Shock                 Conj/Air       24%        1d4       12%         1

Your spell library contained the following spells:

 Spells                   Type           Power      Damage    Failure   Level
 Static Discharge         Conj/Air       6%         N/A       17%         2
 Swiftness                Air            8%         N/A       26%         3
 Airstrike                Air            4%         N/A       63%         4


Dungeon Overview and Level Annotations

Branches:
Dungeon (1/15)

Altars:


Innate Abilities, Weirdness & Mutations

((You are very nimble when in or above water. (Stealth+, EV+, Speed+++)))
Your lower body shifts to a powerful aquatic tail in water.


Message History

Unknown command.
Aiming: Shock (safe; 12% risk of failure)
Press: ? - help, Q - select action Shift-Dir - straight line, f/p - worm
Aim: a worm (lightly wounded, 88% to hit)
The zap misses the worm.
Unknown command.
You don't have enough magic to cast this spell.
You don't have enough magic to cast this spell.
Unknown command.
Search for what [? for help]? wapon Can't find anything matching that.
Search for what [Enter for "wapon", or ? for help]? weapo You hit the worm but do no damage.
You hit the worm but do no damage. The worm bites you.
You barely miss the worm. You barely miss the worm. The worm barely misses you.
You hit the worm.
The worm is lightly wounded.
A kobold comes into view. It is wielding a +0 dagger.
The worm bites you.
Your magical contamination has completely faded away.
You barely miss the worm. You punch the worm, but do no damage.
You hit the worm.
The worm is lightly wounded.
The worm misses you.
You hit the worm but do no damage. You hit the worm but do no damage.
The worm closely misses you.
You hit the worm but do no damage. The worm bites you!
You hit the worm but do no damage. You barely miss the worm.
The kobold hits you but does no damage. The worm barely misses you.
You hit the worm.
The worm is lightly wounded.
The kobold closely misses you.
You completely miss the worm.
The worm is lightly wounded.
The kobold hits you with a +0 dagger.
* * * LOW HITPOINT WARNING * * *
The worm bites you.
You die...

.#### .#..# #. ###.# .##
<##.## #.##... #..# .##..#
#.....## #...# .###.#####
##......# #..... .# #.....#
#.......##^..^..
#####....###>......#.......
#...............K....^..^..
...###...#......@w.........
##.###.............#......>
.#.##....#..#......#.......
..........♣♣♣♣♣....##......
.......>♣♣♣♣♣♣♣♣...# #.....
###....≈≈P≈≈≈≈≈≈♣..# #...#
#.##≈≈≈≈P≈≈≈≈≈♣♣## #..#
###.....P≈.≈≈≈≈≈≈♣≈♣# .##
............≈..≈≈≈≈P##


You could see a worm and a kobold.

Vanquished Creatures
  A dart slug (D:1)
  2 bats (D:1)
  An endoplasm (D:1)
  A goblin (D:1)
  2 hobgoblins (D:1)
7 creatures vanquished.

Vanquished Creatures (others)
  2 plants (D:1)
2 creatures vanquished.

Grand Total: 9 creatures vanquished

Notes
Turn   | Place    | Note
-------+----------+-------------------------------------------
     0 | D:1      | shadowrider38 the Merfolk Air Elementalist began the quest
                  | for the Orb.
     0 | D:1      | Reached XP level 1. HP: 13/13 MP: 3/3
   485 | D:1      | Reached skill level 1 in Conjurations
   485 | D:1      | Reached XP level 2. HP: 9/19 MP: 3/5
   923 | D:1      | Slain by a worm

Illustrated notes

Levels and vault maps discovered:
D:1:      elethiomel_arrival_quiet, layout_rooms, serial_shops,
          nicolae_shop_stone, serial_bayou_ford_a, roderic_cross_of_infinity,
          nicolae_wormholes

Skill      XL: |  1 |
---------------+----+-----
Conjurations   | 1 |  1.0
Fighting       | |  0.9
Dodging        | |  2.9
Stealth        | |  2.3
Spellcasting   | |  2.1
Air Magic      | |  2.5

Action                   || total
-------------------------++-------
Melee: Unarmed           ||    53
       Punch             ||     4
       Tailslap          ||     5
 Cast: Shock             ||    12
Armor: Robe              ||    11
Dodge: Dodged            ||    51

Table legend: (Time is in decaauts)
 A = Elapsed time spent in this place.
 B = Non-inter-level travel time spent in this place.
 C = Inter-level travel time spent in this place.
 D = Time resting spent in this place.
 E = Time spent auto-exploring this place.
 F = Levels seen in this place.
 G = Mean time per level.
                   A        B        C        D        E       F      G
               +--------+--------+--------+--------+--------+-----+--------+
         Total |    917 |    917 |      0 |    739 |     46 |   1 |  917.0 |
       Dungeon |    917 |    917 |      0 |    739 |     46 |   1 |  917.0 |
               +--------+--------+--------+--------+--------+-----+--------+

Top non-repeatable levels by time:
     D:1: 917 daAuts
